 Dungeon Crawl Stone Soup version 0.32-a0-128-g77eb882913 (webtiles) character file.

Game seed: 3567592024314968393

375 Dittersdorf the Trooper (level 6, -5/40 HPs)
             Began as a Gargoyle Fighter on Feb 7, 2024.
             Was an Initiate of Gozag.
             Slain by an ogre
             ... wielding a +0 giant club
              (13 damage)
             ... on level 5 of the Dungeon.
             The game lasted 00:05:25 (3634 turns).

Dittersdorf the Trooper (Gargoyle Fighter)          Turns: 3634, Time: 00:05:26

Health: -5/40      AC: 16    Str: 22    XL:     6   Next: 73%
Magic:  6/6        EV:  8    Int:  8    God:    Gozag
Gold:   265        SH:  5    Dex: 15    Spells: 5/5 levels left

rFire   . . .        a - +0 flail
rCold   . . .        c - +0 buckler
rNeg    + . .        o - +0 chain mail
rPois   ∞            (no helmet)
rElec   +            l - +0 cloak
rCorr   .            (no gloves)
SInv    .            k - +0 pair of boots
Will    .....        (no amulet) Stlth
                     m - +6 ring of dexterity
HPRegen 0.26/turn    (no ring)
MPRegen 0.10/turn

%: no passive effects
@: gold aura
A: sickness immunity, AC +4, negative energy resistance 1, electricity
resistance, torment resistance 1, petrification resistance
a: Renounce Religion, Potion Petition, Call Merchant, Bribe Branch


You were on level 5 of the Dungeon.
You worshipped Gozag.
Gozag was aware of your devotion.
You visited 2 branches of the dungeon, and saw 6 of its levels.

You collected 327 gold pieces.
You paid 62 gold pieces to Gozag.

Inventory:

Hand Weapons
 a - a +0 flail (weapon)
Armour
 c - a +0 buckler (worn)
 k - a +0 pair of boots (worn)
 l - a +0 cloak (worn)
 o - a +0 chain mail (worn)
Jewellery
 g - a ring of fire
 m - a +6 ring of dexterity (left hand)
Scrolls
 h - 2 scrolls of blinking
 n - a scroll of teleportation
Potions
 b - a potion of haste
 d - a potion of might
 e - a potion of resistance {unknown}
 f - a potion of enlightenment
 i - 2 potions of curing
 j - 3 potions of brilliance
 p - 3 potions of heal wounds
 q - a potion of lignification {unknown}


   Skills:
 + Level 4.9 Fighting
 + Level 3.8 Maces & Flails
 + Level 4.9 Armour
 + Level 4.9 Shields


You had 5 spell levels left.
You didn't know any spells.
Your spell library contained the following spells:

 Spells                   Type           Power      Damage    Failure   Level
 Blink                    Tloc           0%         N/A       99%         2
 Lesser Beckoning         Tloc           0%         N/A       99%         2
 Momentum Strike          Conj/Tloc      0%         3d8       99%         2


Dungeon Overview and Level Annotations

Branches:
Dungeon (5/15)             Temple (1/1) D:4

Altars:
Dithmenos
Elyvilon
Fedhas
Gozag
Hepliaklqana
Kikubaaqudgha
Makhleb
Nemelex Xobeh
Okawaru
Qazlal
Ru
Trog
Vehumet
Xom
Yredelemnul
The Shining One

Shops:
D:3 =


Innate Abilities, Weirdness & Mutations

You are immune to sickness and miasma.
Your stone body is resilient. (AC +4)
You are immune to poison.
You resist negative energy. (rN+)
You are resistant to electric shocks. (rElec)
You are resistant to unholy torment.
You are immune to petrification.


Message History

Ouch! That really hurt!
The iguana closely misses you.
You hear an angry hiss.
You are too injured to fight recklessly!
You are too injured to fight recklessly!
You are too injured to fight recklessly!
You are too injured to fight recklessly!
You are too injured to fight recklessly!
You are too injured to fight recklessly!
You are too injured to fight recklessly!
You are too injured to fight recklessly!
You are too injured to fight recklessly!
You are too injured to fight recklessly!
You are too injured to fight recklessly!
You are too injured to fight recklessly!
You are too injured to fight recklessly!
You are too injured to fight recklessly!
You are too injured to fight recklessly!
You are too injured to fight recklessly!
You are too injured to fight recklessly!
You are too injured to fight recklessly!
You are too injured to fight recklessly!
You hear an angry hiss. x2
The iguana attacks as it pursues you!
The iguana bites you but does no damage.
You closely miss the iguana. The iguana closely misses you.
You sock the iguana!
The iguana is heavily wounded.
The iguana bites you.
You hit the iguana but do no damage.
The iguana is heavily wounded.
The iguana bites you.
* * * LOW HITPOINT WARNING * * *
The iguana bites you.
* * * LOW HITPOINT WARNING * * *
You sock the iguana!
You kill the iguana!
The ogre hits you with a +0 giant club!
You die...
Your body crumbles into a pile of gold.

#. ... #.......... ..
##.. #........[# .#+#...
#..)......# #.....
#.........# +.....
#.........# #....#
#.........# #.#....#
#####'#####
#.[....############.#####
#.../..O@................
#..################......
#. #.# #......
#.########.....[
#...............
#.#######....... #.#
#....... #.# #.###### #.#
#.....<'


You could see an ogre.

Vanquished Creatures
  An ice beast (D:5)
  A phantom (D:4)
  A hound (D:2)
  Jessica (D:2)
  2 iguanas (D:5)
  Natasha (D:4)
  An adder (D:4)
  4 gnolls
  2 ribbon worms
  4 orcs (D:4)
  5 endoplasms
  A giant cockroach (D:3)
  5 goblins
  2 hobgoblins
  2 jackals (D:2)
  2 quokkas
  4 ball pythons
  5 bats
  6 frilled lizards
  5 kobolds
  3 rats
58 creatures vanquished.

Notes
Turn   | Place    | Note
-------+----------+-------------------------------------------
     0 | D:1      | Dittersdorf the Gargoyle Fighter began the quest for the
                  | Orb.
     0 | D:1      | Reached XP level 1. HP: 14/14 MP: 1/1
   151 | D:1      | Reached XP level 2. HP: 13/19 MP: 2/2
   804 | D:2      | Noticed Jessica
   811 | D:2      | Reached XP level 3. HP: 9/24 MP: 3/3
  1085 | D:1      | Reached XP level 4. HP: 29/29 MP: 4/4
  1091 | D:2      | Killed Jessica
  1098 | D:2      | Reached XP level 5. HP: 22/33 MP: 5/5
  1654 | D:2      | Found a faded altar of an unknown god.
  1710 | D:2      | Found a burning altar of Makhleb.
  1894 | D:3      | Found a bloodstained altar of Trog.
  1944 | D:3      | Found a sacrificial altar of Ru.
  2017 | D:3      | Found Aneom's Jewellery Shop.
  2220 | D:3      | Found a shadowy altar of Dithmenos.
  2233 | D:3      | Found a blossoming altar of Fedhas.
  2591 | D:3      | Found a hazy altar of Hepliaklqana.
  2875 | D:4      | Found an iron altar of Okawaru.
  3003 | D:4      | Noticed a phantom
  3019 | D:4      | Killed a phantom
  3047 | D:4      | Reached XP level 6. HP: 34/39 MP: 6/6
  3111 | D:4      | Found a staircase to the Ecumenical Temple.
  3124 | Temple   | Entered the Ecumenical Temple
  3161 | Temple   | Became a worshipper of Gozag Ym Sagoz the Greedy
  3313 | D:4      | Noticed Natasha
  3319 | D:4      | Killed Natasha
  3397 | D:5      | Entered Level 5 of the Dungeon
  3421 | D:5      | Noticed an ice beast
  3435 | D:5      | Killed an ice beast
  3634 | D:5      | Slain by an ogre

Illustrated notes

Levels and vault maps discovered:
D:1:      dpeg_arrival_prison, layout_basic, st_stairs_11
D:2:      layout_loops_cross, nicolae_ecumenical_lake_church, basic_altar,
          uniq_jessica
D:3:      layout_basic, mainiacjoe_overflow_24_doors, amcnicky_altar_gilded,
          mainiacjoe_overflow_large_starburst,
          worldfamousw_hep_ancestral_shrine, serial_shops, shop_fountains
D:4:      layout_rooms, lemuel_tele_altar, minmay_temple_entry_offerings,
          dreamdust_wishing_well, uniq_natasha
D:5:      layout_basic, nicolae_uskayaw_murder_on_the_dancefloor,
          nrook_loot_triangle, uniq_prince_ribbit1
Temple:   cyrus_temple_forest

Skill      XL: |  1  2  3  4  5 |
---------------+----------------+-----
Fighting       | 4 |  4.9
Armour         | 4 |  4.9
Shields        | 4 |  4.9
Maces & Flails | 3 |  3.8

Action                     |  1- 3 |  4- 6 || total
---------------------------+-------+-------++-------
  Melee: Flail             |    82 |   146 ||   228
    Use: Scroll            |       |    11 ||    11
 Armour: Scale mail        |    73 |    26 ||    99
         Chain mail        |       |    91 ||    91
  Dodge: Dodged            |    55 |    67 ||   122
  Block: Buckler           |    18 |    26 ||    44

Table legend: (Time is in decaauts)
 A = Elapsed time spent in this place.
 B = Non-inter-level travel time spent in this place.
 C = Inter-level travel time spent in this place.
 D = Time resting spent in this place.
 E = Time spent auto-exploring this place.
 F = Levels seen in this place.
 G = Mean time per level.
                   A        B        C        D        E       F      G
               +--------+--------+--------+--------+--------+-----+--------+
         Total |   3729 |   3525 |    204 |    360 |   2466 |   6 |  621.5 |
       Dungeon |   3657 |   3485 |    172 |    360 |   2466 |   5 |  731.4 |
        Temple |     71 |     39 |     32 |      0 |      0 |   1 |   71.0 |
               +--------+--------+--------+--------+--------+-----+--------+

Top non-repeatable levels by time:
     D:1: 1080 daAuts
     D:2: 895 daAuts
     D:3: 893 daAuts
     D:4: 545 daAuts
     D:5: 242 daAuts
  Temple: 71 daAuts
